 Dungeon Crawl Stone Soup version 0.29.0-3-gbb0933ed62 (webtiles) character file.

Game seed: 2319607561466798988

5773 keekatzer the Grappler (level 10, 0/91 HPs)
             Began as a Troll Transmuter on Aug 26, 2022.
             Was a Priest of Elyvilon.
             Slain by a sun demon (16 damage)
             ... summoned by a kobold demonologist
             ... on level 10 of the Dungeon.
             The game lasted 00:45:11 (6601 turns).

keekatzer the Grappler (Troll Transmuter)           Turns: 6601, Time: 00:45:12

Health: 0/91       AC: 10    Str: 26    XL:     10   Next: 49%
Magic:  13/15      EV: 11    Int:  9    God:    Elyvilon [***...]
Gold:   687        SH:  0    Dex: 14    Spells: 11/18 levels left

rFire   . . .      SeeInvis .     - Unarmed
rCold   . . .      Faith    .   (no shield)
rNeg    . . .      Spirit   .   V - +0 acid dragon scales
rPois   .          Reflect  .   (helmet currently unavailable)
rElec   .          Harm     .   f - +1 cloak
rCorr   +          Rampage  .   (gloves unavailable)
Will    .....                   (boots unavailable)
Stlth   +.........              M - amulet of regeneration
HPRegen 1.85/turn               o - +6 ring of strength
MPRegen 0.14/turn               (no ring)

@: appendages
A: horns 2, talons 2, large, unfitting armour, claws 3, regeneration 1, shaggy
fur 1, tough skin 1
a: End Transformation, Renounce Religion, Purification, Heal Other, Heal Self


You were on level 10 of the Dungeon.
You worshipped Elyvilon.
Elyvilon was most pleased with you.
You had temporarily grown beastly horns and talons.
You visited 2 branches of the dungeon, and saw 11 of its levels.

You collected 687 gold pieces.

Inventory:

Hand Weapons
 s - a +4 short sword
 t - a +2 whip of electrocution
 v - a +0 giant club
 C - a +4 short sword of speed
 F - a +3 hammer
 G - a +3 quarterstaff of chaos
 H - a +2 vorpal war axe
 I - a +0 hammer of protection
 K - a +2 vorpal spear
 L - a +2 whip of flaming
 P - the +8 arbalest of Yfetz {venom, rN+}
   (You found it on level 7 of the Dungeon)

   Any ammunition fired from it poisons the flesh of those it strikes.
   rN:        It protects you from negative energy.
 T - a +0 great mace
 U - a +2 vorpal quarterstaff
 W - a +4 falchion
Armour
 a - a +0 robe
 f - a +1 cloak (worn)
 R - +0 steam dragon scales
 V - +0 acid dragon scales (worn)
Jewellery
 g - an amulet of faith
 o - a +6 ring of strength (left claw)
 w - an amulet of guardian spirit
 M - an amulet of regeneration (around neck)
 O - an amulet of magic regeneration
 S - a ring of fire
Wands
 N - a wand of digging (7)
Scrolls
 c - a scroll of torment
 d - 6 scrolls of immolation
 h - 4 scrolls of enchant armour
 i - 4 scrolls of magic mapping
 j - 4 scrolls of vulnerability {unknown}
 l - a scroll of summoning
 q - 4 scrolls of teleportation {unknown}
 r - 2 scrolls of noise {unknown}
 x - a scroll of silence {unknown}
 y - 3 scrolls of blinking {unknown}
Potions
 b - 2 potions of lignification
 e - 5 potions of flight {unknown}
 k - 5 potions of curing {unknown}
 m - 4 potions of heal wounds
 n - 3 potions of haste {unknown}
 p - a potion of resistance
 u - a potion of ambrosia {unknown}
 z - a potion of might {unknown}
 A - a potion of attraction {unknown}
 B - 4 potions of mutation {unknown}
 D - 4 potions of brilliance {unknown}
 E - a potion of magic {unknown}
 J - a potion of invisibility {unknown}
 Q - a potion of cancellation {unknown}


   Skills:
 + Level 3.5 Fighting
 * Level 0.3 Armour
 + Level 4.2 Dodging
 + Level 9.5 Unarmed Combat
 + Level 4.5 Spellcasting
 + Level 5.0 Transmutations
 * Level 4.6 Ice Magic


You had 11 spell levels left.
You knew the following spells:

 Your Spells              Type           Power      Damage    Failure   Level
a - Beastly Appendage     Tmut           22%        N/A       4%          1
b - Wereblood             Tmut           11%        N/A       6%          2
c - Ice Form              Ice/Tmut       10%        N/A       41%         4

Your spell library contained the following spells:

 Spells                   Type           Power      Damage    Failure   Level
 Shock                    Conj/Air       8%         1d3       32%         1
 Spider Form              Tmut/Pois      6%         N/A       34%         3
 Summon Guardian Golem    Hex/Summ       2%         N/A       67%         3
 Swiftness                Air            2%         N/A       67%         3
 Airstrike                Air            1%         2d(1-17)  97%         4
 Summon Forest            Summ/Tloc      1%         N/A       100%        5
 Summon Mana Viper        Hex/Summ       2%         N/A       100%        5
 Conjure Ball Lightning   Conj/Air       1%         3x3d6     100%        6
 Summon Cactus Giant      Summ           1%         N/A       100%        6
 Orb of Destruction       Conj           1%         9d5       100%        7
 Spellforged Servitor     Conj/Summ      1%         N/A       100%        7
 Discord                  Hex            1%         N/A       100%        8
 Disjunction              Tloc           1%         N/A       100%        8


Dungeon Overview and Level Annotations

Branches:
Dungeon (10/15)            Temple (1/1) D:4
   Lair: D:8-11         Orc: D:9-12

Altars:
Ashenzari
Cheibriados
Dithmenos
Elyvilon
Fedhas
Gozag
Hepliaklqana
Kikubaaqudgha
Makhleb
Nemelex Xobeh
Okawaru
Qazlal
Ru
Sif Muna
Trog
Uskayaw
Vehumet
Wu Jian
Xom
Yredelemnul
Zin
The Shining One


Innate Abilities, Weirdness & Mutations

You have temporarily grown beastly horns and talons.
You are too large for most types of armour.
You have claws for hands.
Your natural rate of healing is unusually fast.
You are covered in fur. (AC +1)
You have tough skin. (AC +1)


Message History

The kobold demonologist casts a cantrip, but nothing happens.
Casting: Beastly Appendage (safe; 4% risk of failure)
Confirm with . or Enter, or press ? or * to list all spells.
You grow a pair of large bovine horns.
Your feet morph into talons.
Casting: Beastly Appendage (safe; 4% risk of failure)
Confirm with . or Enter, or press ? or * to list all spells.
You miscast Wereblood.
You are very lightly contaminated with residual magic.
Nothing appears to happen.
Press: ? - help, v - describe, . - travel
Here: a sun demon (summoned)
The floor.
Press: ? - help, v - describe, . - travel
Here: a sun demon (summoned)
The floor.
The sun demon hits you!
You are engulfed in flames!
You mangle the kobold demonologist!!
The kobold demonologist is heavily wounded.
The sun demon hits you.
You are engulfed in flames!
You claw the kobold demonologist!
Your kick misses the kobold demonologist.
You headbutt the kobold demonologist, but do no damage.
You claw the kobold demonologist.
The kobold demonologist is almost dead.
The kobold demonologist looks encouraged for a moment.
The sun demon hits you.
You are engulfed in flames!!
You barely miss the kobold demonologist.
You claw the kobold demonologist.
The kobold demonologist is almost dead.
The kobold demonologist hits you but does no damage.
The sun demon hits you but does no damage.
Your magical contamination has completely faded away.
You closely miss the kobold demonologist.
Your kick misses the kobold demonologist.
The kobold demonologist is almost dead.
The kobold demonologist hits you but does no damage.
The sun demon hits you!
* * * LOW HITPOINT WARNING * * *
You are engulfed in flames!
You die...

##########################
#........................# ##
#........................# #.
#.(.........K@...........# #.
#............3...........####.
#.........#########...........
#.........# #...........
#.........# ############
...........+ .......3..?#
.......$.... ............#


You could see a sun demon (summoned) and a kobold demonologist.

Vanquished Creatures
  Pikel (D:5)
  Joseph (D:8)
  Maggie (D:8)
  A slime creature (D:7)
  A shadow (D:9)
  2 wyverns
  3 yaks (D:9)
  Sigmund (D:2)
  2 acid dragons (D:9)
  2 water moccasins
  A sky beast (D:8)
  A black bear (D:6)
  An ogre (D:4)
  2 centaurs
  A lemure (D:5)
  Blork the orc (D:4)
  A necrophage (D:6)
  2 bullfrogs (D:8)
  A scorpion (D:5)
  4 wights (D:9)
  10 killer bees
  5 howler monkeys
  A crimson imp (D:4)
  A quasit (D:4)
  4 jellies
  A hound (D:5)
  An orc priest (D:7)
  A gnoll bouda (D:6)
  Crazy Yiuf (D:5)
  3 iguanas
  Jessica (D:3)
  Ijyb (D:4)
  Natasha (thrice) (D:3)
  3 orc wizards
  13 gnolls
  4 adders
  4 shadow imps (D:4)
  6 white imps
  3 ufetubi (D:4)
  2 dart slugs
  28 orcs
  2 bats
  6 endoplasms
  4 giant cockroaches
  6 goblins
  8 hobgoblins
  4 jackals (D:2)
  2 quokkas (D:1)
  4 ball pythons
  6 frilled lizards
  4 kobolds
  3 rats
175 creatures vanquished.

Vanquished Creatures (collateral kills)
  A two-headed ogre (D:8)
1 creature vanquished.

Grand Total: 176 creatures vanquished

Notes
Turn   | Place    | Note
-------+----------+-------------------------------------------
     0 | D:1      | keekatzer the Troll Transmuter began the quest for the Orb.
     0 | D:1      | Reached XP level 1. HP: 18/18 MP: 1/1
   270 | D:1      | Reached XP level 2. HP: 26/26 MP: 2/2
   504 | D:1      | Learned a level 2 spell: Wereblood
   585 | D:1      | Reached XP level 3. HP: 21/32 MP: 4/4
   783 | D:2      | Noticed Sigmund
   793 | D:2      | Killed Sigmund
   794 | D:2      | Reached skill level 1 in Fighting
   794 | D:2      | Reached skill level 4 in Unarmed Combat
   794 | D:2      | Reached XP level 4. HP: 10/41 MP: 4/6
   794 | D:2      | Reached XP level 5. HP: 11/48 MP: 4/7
   829 | D:2      | Found a faded altar of an unknown god.
  1691 | D:3      | Found a radiant altar of Vehumet.
  1722 | D:3      | Noticed Natasha
  1740 | D:3      | Killed Natasha
  2036 | D:3      | Noticed Natasha
  2047 | D:3      | Killed Natasha
  2048 | D:3      | Reached XP level 6. HP: 55/55 MP: 4/8
  2223 | D:3      | Noticed Jessica
  2228 | D:3      | Killed Jessica
  2327 | D:3      | Found a shimmering altar of Xom.
  2327 | D:3      | Found a shimmering altar of Xom.
  2328 | D:3      | Found a shimmering altar of Xom.
  2328 | D:3      | Found a shimmering altar of Xom.
  2328 | D:3      | Found a shimmering altar of Xom.
  2328 | D:3      | Found a shimmering altar of Xom.
  2328 | D:3      | Found a shimmering altar of Xom.
  2364 | D:3      | Noticed Natasha
  2374 | D:3      | Killed Natasha
  2663 | D:4      | Noticed Ijyb
  2668 | D:4      | Killed Ijyb
  2669 | D:4      | Reached skill level 5 in Unarmed Combat
  2696 | D:4      | Reached skill level 1 in Ice Magic
  2709 | D:4      | Reached XP level 7. HP: 30/62 MP: 10/10
  2921 | D:4      | Found a staircase to the Ecumenical Temple.
  2945 | Temple   | Entered the Ecumenical Temple
  3112 | Temple   | Became a worshipper of Elyvilon the Healer
  3207 | D:4      | Noticed Blork the orc
  3219 | D:4      | Killed Blork the orc
  3386 | D:5      | Entered Level 5 of the Dungeon
  3429 | D:5      | Found a runed translucent door.
  3431 | D:5      | Noticed Crazy Yiuf
  3437 | D:5      | Killed Crazy Yiuf
  3567 | D:5      | Identified the +3 ring mail of the Tundras {*Slow rC++
                  | Regen+}
  3571 | D:5      | Found a glowing golden altar of the Shining One.
  3647 | D:5      | Noticed Pikel
  3664 | D:5      | Killed Pikel
  3665 | D:5      | Reached skill level 6 in Unarmed Combat
  3665 | D:5      | Reached XP level 8. HP: 41/71 MP: 8/12
  3726 | D:5      | You fall into a shaft and drop 3 floors!
  3727 | D:8      | Reached * piety under Elyvilon
  3792 | D:8      | Noticed Maggie
  4275 | D:6      | Learned a level 4 spell: Ice Form
  4377 | D:6      | Found a blossoming altar of Fedhas.
  4380 | D:6      | Reached ** piety under Elyvilon
  4511 | D:6      | Reached XP level 9. HP: 77/79 MP: 11/13
  4519 | D:6      | Reached skill level 7 in Unarmed Combat
  4916 | D:7      | Found a shadowy altar of Dithmenos.
  4952 | D:7      | Identified the +8 arbalest of Yfetz {venom, rN+}
  5126 | D:7      | Noticed a death knight
  5392 | D:8      | Killed Maggie
  5437 | D:8      | Noticed a two-headed ogre
  5527 | D:8      | Reached *** piety under Elyvilon
  5840 | D:8      | Reached skill level 8 in Unarmed Combat
  5977 | D:8      | Killed a two-headed ogre
  6025 | D:9      | Noticed Joseph
  6036 | D:8      | Killed Joseph
  6037 | D:8      | Reached XP level 10. HP: 59/88 MP: 15/15
  6086 | D:8      | HP: 5/105 [wyvern (11)]
  6086 | D:8      | Elyvilon protects you from harm!
  6139 | D:9      | Reached skill level 9 in Unarmed Combat
  6387 | D:9      | Found a glowing silver altar of Zin.
  6387 | D:9      | Noticed an angel
  6441 | D:9      | Reached skill level 5 in Transmutations
  6559 | D:10     | Entered Level 10 of the Dungeon
  6587 | D:10     | Noticed a sun demon
  6601 | D:10     | Slain by a sun demon

Illustrated notes

Levels and vault maps discovered:
D:1:      dreamdust_arrival_beginning_and_end, layout_basic
D:2:      layout_loops_corners, nicolae_ecumenical_oubliette,
          grunt_ministairs_8, st_stairs_2, uniq_sigmund
D:3:      layout_loops_corners, nicolae_vehumet_radiance, xom_redecorated,
          nrook_loot_triangle, chequers_decorated_corner,
          minmay_misc_feat_ornament, uniq_natasha, uniq_jessica
D:4:      layout_basic, minmay_temple_entry_stoned_glass, serial_demonic,
          serial_demonic_f, serial_demonic_a, serial_demonic_b,
          serial_demonic_f, minmay_fire_ice_demons, uniq_blork_the_orc,
          uniq_ijyb
D:5:      layout_rooms, lemuel_tele_altar, uniq_pikel, uniq_crazy_yiuf_cottage
D:6:      layout_basic, fedhas_altar_decomposition, serial_corexii_hall,
          corexii_hall_statues_s, chequers_hall_statues_wall_a
D:7:      layout_loops_ring, mainiacjoe_overflow_tiny_flanked,
          minmay_three_doors
D:8:      layout_rooms, uniq_maggie
D:9:      layout_rooms, zin_angel, uniq_joseph
D:10:     layout_irregular_city, erik_lair_dragon, st_stairs_1,
          serial_bayou_pond_c, minivault_14
Temple:   nicolae_temple_slightly_damp_pantheon

Skill      XL: |  1  2  3  4  5  6  7  8  9 10 |
---------------+-------------------------------+-----
Fighting       | 1 2 3 |  3.5
Dodging        | 2 3 4 |  4.2
Unarmed Combat | 4 5 6 8 9 |  9.5
Spellcasting   | 2 3 4 |  4.5
Transmutations | 2 3 4 5 |  5.0
Ice Magic      | 1 2 3 4 |  4.6
Armour         | |  0.3

Action                   |  1- 3 |  4- 6 |  7- 9 | 10-12 || total
-------------------------+-------+-------+-------+-------++-------
Melee: Unarmed           |    52 |   123 |   196 |    79 ||   450
       Kick              |     4 |    14 |    39 |     4 ||    61
       Headbutt          |     2 |    10 |    29 |     3 ||    44
       Punch             |       |     2 |     4 |     4 ||    10
 Cast: Beastly Appendage |     5 |    15 |    32 |     3 ||    55
       Wereblood         |       |     5 |     7 |       ||    12
       Ice Form          |       |       |     1 |     3 ||     4
Invok: Heal Self         |       |       |       |     1 ||     1
  Use: Scroll            |       |       |     7 |       ||     7
       Potion            |       |       |       |     1 ||     1
 Stab: Sleeping          |     1 |       |     1 |       ||     2
Armor: Robe              |    12 |    34 |    30 |       ||    76
       Steam dragon scal |       |       |    25 |       ||    25
       Skin              |       |       |       |    13 ||    13
       Acid dragon scale |       |       |       |     9 ||     9
Dodge: Dodged            |    24 |    52 |    88 |    63 ||   227
